 Dungeon Crawl Stone Soup version 0.29.1-2-gbd0b4ee654 (webtiles) character file.

Game seed: 7366437557449717521

5 GorkyZ the Stinger (level 1, -2/10 HPs)
             Began as a Gargoyle Venom Mage on Nov 23, 2022.
             Frozen to death by an endoplasm (5 damage)
             ... on level 1 of the Dungeon.
             The game lasted 00:01:13 (391 turns).

GorkyZ the Stinger (Gargoyle Venom Mage)             Turns: 391, Time: 00:01:14

Health: -2/10      AC:  4    Str: 11    XL:     1   Next: 80%
Magic:  1/3        EV: 12    Int: 15    God:
Gold:   40         SH:  0    Dex: 10    Spells: 3/4 levels left

rFire   . . .      SeeInvis .   (no weapon)
rCold   . . .      Faith    .   (no shield)
rNeg    + . .      Spirit   .   a - +0 robe
rPois   ∞          Reflect  .   (no helmet)
rElec   +          Harm     .   (no cloak)
rCorr   .          Rampage  .   (no gloves)
Will    .....                   (no boots)
Stlth   ++........              (no amulet)
HPRegen 0.03/turn               (no ring)
MPRegen 0.08/turn               (no ring)

@: no status effects
A: sickness immunity, AC +2, negative energy resistance 1, electricity
resistance, torment resistance 1, petrification resistance
a: no special abilities


You were on level 1 of the Dungeon.
You visited 1 branch of the dungeon, and saw 1 of its levels.

You collected 40 gold pieces.

Inventory:

Armour
 a - a +0 robe (worn)
Scrolls
 c - a scroll of magic mapping {unknown}
Potions
 b - a potion of magic


   Skills:
 + Level 1.6 Dodging
 - Level 2.1 Stealth
 + Level 2.0 Spellcasting
 + Level 0.9 Transmutations
 + Level 0.2 Air Magic
 + Level 3.0 Poison Magic


You had 3 spell levels left.
You knew the following spells:

 Your Spells              Type           Power      Damage    Failure   Level
a - Sting                 Tmut/Pois      28%        1d4       10%         1

Your spell library contained the following spells:

 Spells                   Type           Power      Damage    Failure   Level
 Poisonous Vapours        Pois/Air       12%        N/A       17%         2
 Mephitic Cloud           Conj/Pois/Air  4%         N/A       38%         3
 Olgreb's Toxic Radiance  Pois           10%        N/A       52%         4


Dungeon Overview and Level Annotations

Branches:
Dungeon (1/15)

Altars:


Innate Abilities, Weirdness & Mutations

You are immune to sickness and miasma.
Your stone body is resilient. (AC +2)
You are immune to poison.
You resist negative energy. (rN+)
You are resistant to electric shocks. (rElec)
You are resistant to unholy torment.
You are immune to petrification.


Message History

You kill the quokka!
No target in view!
No target in view!
You can't see any susceptible monsters within range! (Use Z to cast anyway.)
c - a scroll labelled OGUIKU NAGRO An endoplasm comes into view.
You can't see any susceptible monsters within range! (Use Z to cast anyway.)
The endoplasm quivers.
You miscast Sting.
You are very lightly contaminated with residual magic.
Nothing appears to happen.
The sting hits the endoplasm.
The endoplasm partially resists.
The endoplasm is lightly wounded.
The endoplasm hits you but does no damage.
You hit the endoplasm.
The endoplasm is moderately wounded.
The endoplasm freezes you.
You are frozen.
You barely miss the endoplasm.
The endoplasm is moderately wounded.
The endoplasm freezes you.
You are frozen.
Ouch! That really hurt!
You are too injured to fight recklessly!
You are too injured to fight recklessly!
You are too injured to fight recklessly!
The endoplasm freezes you.
You are frozen.
* * * LOW HITPOINT WARNING * * *
Your magical contamination has completely faded away.
You are too injured to fight recklessly!
Aiming: Sting (safe; 10% risk of failure)
Press: ? - help, Q - select action Shift-Dir - straight line, f/p - endoplasm
Aim: an endoplasm (moderately wounded, 97% to hit)
The sting hits the endoplasm.
The endoplasm is poisoned.
The endoplasm is heavily wounded.
The endoplasm freezes you.
You are frozen.
Ouch! That really hurt!
You die...
PPP

#.# ♣.. #.# ..P #.# ..
####.# ###### P. #....#
#....# ♣♣ ####.##
#.##.# #.....## #.##.#
###.....####.##.#
.............@.#.######
######.######†J.......#
#.# #....####.# #.#
#....#### #+# #.......#
###.###.# #.# #.# #..
#.# #.. ...


You could see an endoplasm (poisoned).

Vanquished Creatures
  A bat (D:1)
  An endoplasm (D:1)
  A giant cockroach (D:1)
  A quokka (D:1)
4 creatures vanquished.

Notes
Turn   | Place    | Note
-------+----------+-------------------------------------------
     0 | D:1      | GorkyZ the Gargoyle Venom Mage began the quest for the Orb.
     0 | D:1      | Reached XP level 1. HP: 10/10 MP: 3/3
   391 | D:1      | Frozen to death by an endoplasm

Illustrated notes

Levels and vault maps discovered:
D:1:      minmay_arrival_arboretum_small, layout_loops_corners,
          dreamdust_wishing_well, chequers_serial_rivers_micro_a,
          serial_park_tiny_2, minmay_split_cup_small

Action                   || total
-------------------------++-------
Melee: Unarmed           ||    15
 Cast: Sting             ||     8
 Stab: Sleeping          ||     1
Armor: Robe              ||     6
Dodge: Dodged            ||     9
